Cogmind - Beta 13 @@@ ROGUE MODE // 2024.04.30 @ 12:19:26 Player: Nebula avali Result: Destroyed by Q232-x with Graviton Cannon Performance ------------- Evolutions (8) 4000 Regions Visited (23) 4600 Robots Destroyed (181) 905 Value Destroyed (11362) 11362 Prototype IDs (49) 980 Alien Tech Used (4) 800 Bonus (11982) 11982 TOTAL SCORE: 34629 Bonus ------- High Alert Combat Kills 1568 Follower Combat Kills 3205 Entered Garrisons 1000 Used RIF Installer 2500 Aligned with FarCom 300 Built Enhanced Grunts 300 A7 Reached Mainframe 300 Met R17 at Cetus 500 Met R17 at Research 2000 Scanned by Researcher 500 Friendly Fire -191 Cogmind --------- Core Integrity 0/1450 Matter 283/300 Energy 90/100 System Corruption 22% Temperature Cool (0) Movement Core (50) Location -2/Testing Parts ------- > --- POWER (2) -------- (None) > --- PROPULSION (4) --- (None) > --- UTILITY (12) ----- (None) > --- WEAPON (5) ------- (None) > --- INVENTORY (5) ---- Matter Drive Large Storage Unit Superbattery (1500) Peak State ------------ > --- POWER ------------ Light Particle Reactor Quantum Reactor > --- PROPULSION ------- Field Propulsion Array Impulse Thruster Array > --- UTILITY ---------- Experimental Coolant Injector Advanced Signal Interpreter Improved Cloaking Device Improved Cloaking Device Improved Cloaking Device Improved Cloaking Device Graphene Brace Improved Hacking Suite Improved Hacking Suite Improved Hacking Suite Improved Hacking Suite > --- WEAPON ----------- Core Cannon Advanced Datajack Shock Maul Lance > --- INVENTORY -------- Matter Drive Diametric Drive Superbattery Phase Redirector [Rating: 169] Favorites ----------- Power Reinforced Antimatter Reactor Engine Ion Engine Power Core Micro Fission Core Reactor Reinforced Antimatter Reactor Propulsion Armored Heavy Treads Treads Armored Heavy Treads Leg Aluminum Leg Wheel Wheel Hover Unit Gravmag System Flight Unit Field Propulsion Array Utility High-capacity Storage Unit Device Graphene Brace Storage High-capacity Storage Unit Processor Signal Interpreter Hackware Improved Hacking Suite Protection Centrium Medium Armor Plating Artifact Phase Redirector Weapon Hypervelocity Gauss Rifle Energy Gun High-powered Shock Rifle Energy Cannon Nova Cannon Ballistic Gun Hypervelocity Gauss Rifle Ballistic Cannon AWS/Autocannon Launcher Heavy Rocket Launcher Special Weapon Remote Datajack Impact Weapon Hammer Slashing Weapon Ripper Piercing Weapon Lance Special Melee Weapon Advanced Datajack Build | -11 -10 -10 -10 -9 -8 -8 -7 -7 -7 -7 -6 -6 -6 -6 -5 -5 -5 -5 -4 -3 -3 -2 -2 ------- Run | Yrd Mat Min Exi Min Mat Gar Fac Gar Fac Gar Fac Gar Fac Gar Fac Ext Cet Arc Fac Res Qua Res Tes Slots Evolved 16 | . . . . . 4 . 2 . . . 2 . . . 2 . . . 2 2 . 2 . Power 1 | . . . . . . . . . . . . . . . . . . . . . . 1 . Propulsion 2 | . . . . . . . 1 . . . 1 . . . . . . . . . . . . Utility 10 | . . . . . 1 . 1 . . . 1 . . . 2 . . . 2 2 . 1 . Weapon 3 | . . . . . 3 . . . . . . . . . . . . . . . . . . Parts Attached 246 | . 3 . 3 . 9 24 7 11 8 32 4 12 2 9 8 19 13 10 2 13 36 9 12 Power 22 | . . . . . 1 1 . 2 1 3 . 1 . . . 3 . . . 1 4 2 3 Engine 4 | . . . . . 1 . . . . 2 . . . . . 1 . . . . . . . Core 7 | . . . . . . 1 . 2 1 1 . . . . . 2 . . . . . . . Reactor 11 | . . . . . . . . . . . . 1 . . . . . . . 1 4 2 3 Propulsion 57 | . 2 . 2 . 2 6 5 4 2 11 1 2 . . . 2 3 . . . 9 2 4 Treads 11 | . 2 . . . . . 1 . . 1 . 2 . . . 1 3 . . . 1 . . Leg 11 | . . . . . . . 2 2 . 4 . . . . . . . . . . 3 . . Wheel 24 | . . . 2 . . 4 2 . 2 6 1 . . . . 1 . . . . 2 . 4 Hover 6 | . . . . . 2 2 . 2 . . . . . . . . . . . . . . . Flight 5 | . . . . . . . . . . . . . . . . . . . . . 3 2 . Utility 96 | . 1 . 1 . 3 7 1 3 1 9 1 6 2 1 5 9 6 7 2 10 12 4 5 Device 29 | . . . . . . 2 . . . 1 . 1 1 . 3 1 1 5 2 3 3 4 2 Storage 6 | . . . 1 . . . . . . . . . . . . . . 1 . 1 2 . 1 Processor 6 | . . . . . . . . 1 . . . 1 . . . . . 1 . 1 2 . . Hackware 32 | . . . . . . 4 1 2 1 8 1 3 1 1 1 3 . . . 2 4 . . Protection 21 | . 1 . . . 3 1 . . . . . 1 . . 1 5 5 . . 3 . . 1 Artifact 2 | . . . . . . . . . . . . . . . . . . . . . 1 . 1 Weapon 71 | . . . . . 3 10 1 2 4 9 2 3 . 8 3 5 4 3 . 2 11 1 . Energy Gun 3 | . . . . . 2 . . . . . 1 . . . . . . . . . . . . Energy Cannon 3 | . . . . . . . . . . . . . . . . . . . . 1 2 . . Ballistic Gun 28 | . . . . . . 2 . 1 1 3 . 2 . 7 1 3 3 2 . . 3 . . Ballistic Cannon 7 | . . . . . . 3 . . . . . 1 . . . 1 1 . . 1 . . . Launcher 4 | . . . . . . . . . 1 3 . . . . . . . . . . . . . Special Weapon 9 | . . . . . . 2 . 1 1 1 1 . . 1 1 . . . . . 1 . . Impact Weapon 12 | . . . . . 1 3 1 . 1 2 . . . . 1 . . . . . 2 1 . Slashing Weapon 2 | . . . . . . . . . . . . . . . . 1 . 1 . . . . . Piercing Weapon 1 | . . . . . . . . . . . . . . . . . . . . . 1 . . Special Melee Weapon 2 | . . . . . . . . . . . . . . . . . . . . . 2 . . Unidentified Prototypes 19 | . . . . . 1 . . . . . . . . . 2 . 2 2 . 2 6 1 3 Corrupted Parts 9 | . . . . . . . . . . 5 . . . . . . 1 1 . . 1 . 1 System Corruption 59 | . . . . . . . . . . 26 . . . . . . 6 6 . . 10 . 11 Parts Lost 64 | . . . . . 1 3 3 3 . 10 . . . 1 1 2 . . 1 . 16 2 21 Power 9 | . . . . . . 2 . 1 . 1 . . . . . . . . . . 2 1 2 Propulsion 13 | . . . . . . 1 2 1 . 3 . . . . . . . . . . 2 . 4 Utility 20 | . . . . . . . 1 . . . . . . . . 2 . . . . 5 . 12 Weapon 22 | . . . . . 1 . . 1 . 6 . . . 1 1 . . . 1 . 7 1 3 Highest Loss Streak 12 | . . . . . 1 1 3 3 . 5 . . . 1 1 2 . . 1 . 8 2 12 To Critical Strikes . | . . . . . . . . . . . . . . . . . . . . . . . . Average Slot Usage (%) 79 | . 95 100 99 100 57 66 66 77 74 73 67 85 86 85 83 86 87 87 83 87 81 72 68 Engine 1 | . 14 14 14 14 9 . . . . 1 6 . . . . 1 . . . . . . . Core 2 | . . . . . . 5 . 5 7 4 . . . . . 3 5 5 5 2 . . . Reactor 1 | . . . . . . . . . . . . 5 6 6 5 . . . . 1 3 6 4 Treads 6 | . 28 28 1 . . . 5 . . . . 12 13 13 11 10 10 11 10 9 6 . . Leg 1 | . . . . . . . 2 3 . 6 . . . . . . . . . . . . . Wheel 5 | . . . 25 28 11 15 10 10 14 7 20 1 . . . . . . . . . . 5 Device 8 | . . . . . . 6 7 7 7 5 6 6 6 6 9 10 10 14 18 14 13 21 20 Storage 6 | . 14 14 14 14 9 9 7 7 7 7 6 6 6 6 5 5 5 5 5 4 3 . 1 Processor 4 | . . . . . . . . 5 7 5 . 5 6 6 5 5 5 1 5 8 8 4 . Hackware 6 | . . . . . . . 7 5 4 9 14 9 13 12 11 6 . . . 6 13 17 16 Protection 5 | . 10 14 14 14 12 5 . . . . . 2 . . 1 8 17 17 15 14 8 . 2 Energy Gun 1 | . 28 28 28 28 2 . . . . . 4 6 6 . . . . . . . . . . Ballistic Gun 8 | . . . . . . 1 . 6 2 9 . 5 6 17 18 14 23 17 11 9 4 . . Ballistic Cannon 3 | . . . . . . 7 7 7 6 . . 5 6 . . . 3 5 5 3 2 . . Special Weapon 3 | . . . . . . 1 7 6 7 5 1 6 6 5 3 5 . . . . . . . Impact Weapon 3 | . . . . . 6 10 7 . 4 5 6 6 6 6 5 3 . . . . . . 3 Naked Turns . | . . . . . . . . . . . . . . . . . . . . . . . . Heaviest Build 123 | 14 17 17 52 52 59 123 107 116 117 72 60 97 90 91 97 102 99 101 99 118 123 56 112 Greatest Support 160 | 20 40 40 40 20 20 20 28 20 38 38 48 120 120 120 120 120 160 160 160 160 160 31 56 Greatest Overweight (x) 14 | . . . 2 2 6 11 10 11 11 7 1 1 . . . 3 3 . . . 5 3 14 Average Overweight (x) 1 | . . . 1 2 2 4 5 7 2 3 1 . . . . . . . . . . . 1 Largest Inventory Capacity 20 | . 8 8 20 20 20 20 20 20 20 20 20 20 20 20 20 20 20 20 20 20 20 5 15 Average Capacity 19 | . 8 8 16 20 20 20 20 20 20 20 20 20 20 20 20 20 20 20 20 20 17 5 9 Most Carried 20 | . 8 8 14 14 18 20 20 20 20 20 20 20 20 20 20 20 20 20 20 20 20 5 5 Average Carried 18 | . 6 8 10 14 15 17 19 19 19 18 19 19 19 19 19 19 19 19 19 19 17 4 4 Final Capacity 20 | 8 8 8 20 20 20 20 20 20 20 20 20 20 20 20 20 20 20 20 20 20 5 5 5 Final Carried 20 | 6 8 8 14 14 18 20 18 20 20 20 17 20 20 20 20 20 20 20 20 20 5 5 4 Class Distribution -------------------- 22% | Scavenger-Tank 19% | Bothacker-Gunner 13% | Bothacker-Tank 12% | Botlord-Tank 7% | Bothacker-Mutant 7% | Mutant 4% | Bothacker-Skirmisher 4% | Hacker-Mutant 3% | Skirmisher Dominant Class ---------------- Mutant | -10/Materials Mutant | -10/Mines Mutant | -10/Exiles Mutant | -9/Mines Mutant | -8/Materials Bothacker-Skirmisher | -8/Garrison Bothacker-Gunner | -7/Factory Bothacker-Gunner | -7/Garrison Bothacker-Gunner | -7/Factory Bothacker-Mutant | -7/Garrison Bothacker-Mutant | -6/Factory Bothacker-Tank | -6/Garrison Bothacker-Tank | -6/Factory Botlord-Tank | -6/Garrison Botlord-Tank | -5/Factory Scavenger-Tank | -5/Extension Scavenger-Tank | -5/Cetus Scavenger-Tank | -5/Archives Scavenger-Tank | -4/Factory Scavenger-Tank | -3/Research Scavenger-Tank | -3/Quarantine Hacker-Mutant | -2/Research Hacker-Mutant | -2/Testing Resources | -11 -10 -10 -10 -9 -8 -8 -7 -7 -7 -7 -6 -6 -6 -6 -5 -5 -5 -5 -4 -3 -3 -2 -2 ----------- Run | Yrd Mat Min Exi Min Mat Gar Fac Gar Fac Gar Fac Gar Fac Gar Fac Ext Cet Arc Fac Res Qua Res Tes Matter Collected 5843 | 200 30 . . 18 97 282 87 329 72 664 69 422 . 401 171 1020 472 206 10 287 703 138 165 Remotely . | . . . . . . . . . . . . . . . . . . . . . . . . Salvage Created 8296 | . 184 110 . . 84 844 376 580 451 1418 . 384 . 528 322 986 270 333 . 278 841 138 169 Parts 414 | . 15 6 . . 6 51 23 35 30 44 . 19 . 19 18 42 14 26 . 18 44 2 2 Haulers Intercepted 3 | . 1 . . . . . . . . . . . . . . . . . . . 1 . 1 Recyclers Shooed 1 | . . . . . . . . . . . . . . . . 1 . . . . . . . Parts Field Recycled . | . . . . . . . . . . . . . . . . . . . . . . . . Retrieved Matter . | . . . . . . . . . . . . . . . . . . . . . . . . Parts Self-Destructed . | . . . . . . . . . . . . . . . . . . . . . . . . Prevented . | . . . . . . . . . . . . . . . . . . . . . . . . Kills | -11 -10 -10 -10 -9 -8 -8 -7 -7 -7 -7 -6 -6 -6 -6 -5 -5 -5 -5 -4 -3 -3 -2 -2 ------- Run | Yrd Mat Min Exi Min Mat Gar Fac Gar Fac Gar Fac Gar Fac Gar Fac Ext Cet Arc Fac Res Qua Res Tes Combat Hostiles Destroyed 136 | . 2 2 . . 1 23 9 15 10 20 . 8 . 11 5 11 3 . . 5 10 . 1 Melee 3 | . . . . . . 1 . . . 2 . . . . . . . . . . . . . Guns 54 | . 2 2 . . 1 6 . 4 . 6 . 5 . 11 3 8 3 . . 1 2 . . Cannons 62 | . . . . . . 16 9 11 10 . . 3 . . . 1 . . . 4 8 . . AOE 11 | . . . . . . . . . . 9 . . . . 2 . . . . . . . . Classes Destroyed 14 | . 4 . . . 2 3 1 1 1 . . . . . . 1 . . . . 1 . . Worker 8 | . 1 . . . . . 4 . . . . . . . . . . . . . 3 . . Builder 5 | . . . . . 2 . . . 1 . . . . . . 1 . . . . 1 . . Hauler 3 | . 1 . . . . . . . . . . . . . . . . . . . 1 . 1 Recycler 3 | . . . . . . . 1 . . . . . . . . 1 . . . . . 1 . Operator 11 | . . . . . . . . . . . . . . . . 1 . 9 . 1 . . . Watcher 10 | . 1 . . . . . 1 . 3 . . . . . . 2 1 . . 1 1 . . Swarmer 23 | . . . . . . 2 4 1 1 2 . 2 . 4 . 2 . . . 3 2 . . Grunt 58 | . 2 2 . . . 11 3 7 7 10 . 6 . 5 . 4 . . . 1 . . . Brawler 3 | . . . . . . . . . 1 2 . . . . . . . . . . . . . Duelist 2 | . . . . . . . . 1 . 1 . . . . . . . . . . . . . Researcher 4 | . . . . . . . . . . . . . . . . . . . . . 4 . . Sentry 17 | . . . . . 1 4 . 3 1 2 . . . 1 2 3 . . . . . . . Hunter 14 | . . . . . . 2 . . . 1 . . . 1 . 1 . . . 1 8 . . Programmer 14 | . . . . . . 4 2 3 . 2 . . . . 3 . . . . . . . . Cetus Guard 3 | . . . . . . . . . . . . . . . . . 3 . . . . . . Protovariant L 1 | . . . . . . . . . . . . . . . . . . . . . . . 1 Savage 1 | . . . . . . . . . . . . . . . . 1 . . . . . . . Butcher 1 | . . . . . . . . . . . . . . . . 1 . . . . . . . Best Kill Streak 6 | . 3 2 . . 2 5 6 4 3 6 . 2 . 5 2 3 2 2 . 2 5 1 1 Combat Bots Only 6 | . 1 2 . . 1 5 5 4 3 6 . 2 . 5 2 2 1 . . 2 2 . 1 Max Kills in Single Turn 4 | . 1 1 . . 1 1 1 1 1 4 . 1 . 2 2 1 1 1 . 2 3 1 1 Gunslinging 1 | . . . . . . . . . . . . . . 1 . . . . . . . . . Exploded 4 | . . . . . . . . . . 4 . . . . 2 . . . . . . . . Melee 1 | . . . . . . 1 . . . 1 . . . . . . . . . . . . . Uniques/NPCs Destroyed . | . . . . . . . . . . . . . . . . . . . . . . . . Combat | -11 -10 -10 -10 -9 -8 -8 -7 -7 -7 -7 -6 -6 -6 -6 -5 -5 -5 -5 -4 -3 -3 -2 -2 -------- Run | Yrd Mat Min Exi Min Mat Gar Fac Gar Fac Gar Fac Gar Fac Gar Fac Ext Cet Arc Fac Res Qua Res Tes Hostile Shots Fired 1455 | . 14 11 . . 10 80 52 89 3 257 3 44 . 80 22 66 39 . 54 6 318 25 282 Missed 463 | . 3 4 . . 3 29 14 30 . 94 . 6 . 20 7 25 11 . 13 4 104 6 90 Damage Taken 17832 | . 122 90 . . 96 775 826 716 69 1837 59 657 . 818 617 1606 509 . 574 64 3944 448 4005 Core 2986 | . . . . . . 117 78 79 . 402 19 20 . 18 19 110 42 . 24 . 595 20 1443 Absorbed by Shields 815 | . . . . . . . . . . 82 . . . 73 . 45 261 . . . . 44 310 Redirected to Core 262 | . . . . . . . . . . . . . . . . . . . . . 15 . 247 Ignored by Resistances 63 | . . . . . . . . . . . . 63 . . . . . . . . . . . Core Remaining (%) 77 | 100 . . . 100 . 78 . . . 20 . . . 93 . . . 82 97 . 48 . . Volleys Fired 370 | . 11 6 . . 6 10 7 53 7 48 3 29 . 28 21 65 18 3 . 9 46 . . Largest 5 | . 2 2 . . 2 1 1 1 1 2 1 3 . 3 3 3 5 3 . 4 5 . . Hottest 311 | . 80 80 . . 80 33 5 33 33 72 60 155 . 99 99 108 189 123 . 247 311 . . Shots Fired 931 | . 22 12 . . 8 84 24 76 33 69 3 61 . 72 39 131 70 9 . 36 182 . . Gun 528 | . 22 12 . . 8 35 . 41 3 31 1 33 . 66 28 97 59 6 . 18 68 . . Cannon 297 | . . . . . . 42 17 23 26 . . 23 . . . 20 11 3 . 18 114 . . Launcher 9 | . . . . . . . . . . 9 . . . . . . . . . . . . . Special 97 | . . . . . . 7 7 12 4 29 2 5 . 6 11 14 . . . . . . . Kinetic 677 | . . . . . . 77 17 64 29 31 . 45 . 66 28 117 70 9 . 27 97 . . Thermal 94 | . . . . . . . . . . . . . . . . . . . . 9 85 . . Explosive 9 | . . . . . . . . . . 9 . . . . . . . . . . . . . Electromagnetic 54 | . 22 12 . . 8 . . . . . 1 11 . . . . . . . . . . . Robot Hit Streak 20 | . 4 5 . . 10 20 10 9 8 12 4 16 . 8 6 12 8 4 . 9 8 . . Robot Miss Streak 7 | . 4 1 . . . 4 2 3 1 3 . 4 . 6 4 4 3 1 . 4 7 . . Penetration Max 2 | . . . . . . . . . . 1 . . . 1 . 2 1 1 . . 1 . . Secondary Targets 5 | . . 1 . . . . . . . . . . . 1 . 2 1 . . . . . . Max Gunslinging Chain 1 | . . 1 . . . . . . . . . . . 1 . 1 1 . . . . . . Autonomous 158 | . . . . . . 74 17 23 26 18 . . . . . . . . . . . . . Shots Hit Robots 646 | . 11 8 . . 9 72 26 40 25 93 2 39 . 41 22 72 46 18 6 17 95 1 3 Core Hits 246 | . 7 4 . . 3 25 9 18 11 28 . 15 . 16 8 23 21 8 . 12 36 1 1 Critical Kills 27 | . . . . . . 2 . . . 4 . . . 1 2 10 3 1 . 3 1 . . Critical Parts Destroyed 48 | . . . . . . . 1 . . 12 . . . 2 2 15 6 2 . 2 4 . 2 Critical Strikes 113 | . 1 . . . 1 6 2 7 5 16 . 3 . 3 4 28 13 4 1 5 12 . 2 Destroy 63 | . . . . . . 2 . . . 3 . . . 3 4 24 13 4 . 5 5 . . Blast 26 | . . . . . . 4 1 7 5 . . 2 . . . 1 . . . . 6 . . Corrupt 3 | . 1 . . . 1 . . . . . . 1 . . . . . . . . . . . Smash 19 | . . . . . . . 1 . . 13 . . . . . 3 . . . . . . 2 Sever 2 | . . . . . . . . . . . . . . . . . . . 1 . 1 . . Melee Attacks 260 | . . . . . 11 38 16 35 7 74 1 26 . 2 3 7 . 12 11 . 11 1 5 Impact 227 | . . . . . 11 38 16 35 7 74 1 26 . 2 3 7 . . . . 1 1 5 Slashing 30 | . . . . . . . . . . . . . . . . . . 12 11 . 7 . . Piercing 3 | . . . . . . . . . . . . . . . . . . . . . 3 . . Sneak Attacks 21 | . . . . . 1 . 5 . . 1 . . . . . 1 . 11 . . . 1 1 Combat Hostiles . | . . . . . . . . . . . . . . . . . . . . . . . . Follow-up Attacks . | . . . . . . . . . . . . . . . . . . . . . . . . Damage Inflicted 21660 | . 211 109 . . 185 3233 1591 2023 1909 2975 . 882 . 987 340 918 888 1104 242 494 3269 74 226 Guns 5928 | . 186 109 . . 91 737 . 287 . 713 . 510 . 987 103 473 758 39 . 136 799 . . Cannons 10426 | . . . . . . 2293 1312 1736 1909 . . 342 . . . 146 130 27 . 358 2173 . . Explosions 1272 | . 25 . . . 38 . . . . 755 . . . . 237 . . . . . 217 . . Melee 4020 | . . . . . 56 203 279 . . 1507 . 30 . . . 296 . 1038 242 . 72 72 225 Ramming 14 | . . . . . . . . . . . . . . . . 3 . . . . 8 2 1 Kinetic 13883 | . . . . . . 3030 1312 2023 1909 713 . 624 . 987 103 619 888 66 . 258 1351 . . Thermal 2157 | . 25 . . . 38 . . . . . . . . . 237 . . . . 236 1621 . . Explosive 972 | . . . . . . . . . . 755 . . . . . . . . . . 217 . . Electromagnetic 614 | . 186 109 . . 91 . . . . . . 228 . . . . . . . . . . . Impact 2668 | . . . . . 56 203 279 . . 1507 . 30 . . . 296 . . . . . 72 225 Slashing 1352 | . . . . . . . . . . . . . . . . . . 1038 242 . 72 . . Piercing . | . . . . . . . . . . . . . . . . . . . . . . . . Highest Corruption 27 | . . . . . . . . . . 27 . . . . 1 5 6 6 . . 14 . 22 Average Corruption 6 | . . . . . . . . . . 5 . . . . 1 3 2 2 . . 10 . 12 Corruption Purged 19 | . . . . . . . . . . . . . . . 1 5 4 8 . . 1 . . Corruption Blocked 35 | . . . . . . . . . . . . . . . . . . . . . 15 . 20 Effects 68 | . . . . . . . . . . 24 . . . . 1 1 10 5 . . 17 . 10 Message Errors 14 | . . . . . . . . . . 5 . . . . . . 1 1 . . 4 . 3 Matter Fused 17 | . . . . . . . . . . 8 . . . . . . 2 2 . . 3 . 2 Heat Flow Errors 8 | . . . . . . . . . . 3 . . . . . . 2 . . . 2 . 1 Energy Discharges 5 | . . . . . . . . . . 1 . . . . . . 2 . . . 2 . . Parts Rejected 2 | . . . . . . . . . . . . . . . . 1 . . . . . . 1 Data Loss (minor) 9 | . . . . . . . . . . 4 . . . . . . 2 1 . . 1 . 1 Data Loss (major) 4 | . . . . . . . . . . 1 . . . . . . . 1 . . 1 . 1 Misfires 1 | . . . . . . . . . . . . . . . . . . . . . 1 . . Alerts 4 | . . . . . . . . . . 2 . . . . . . 1 . . . . . 1 Misdirections 3 | . . . . . . . . . . . . . . . . . . . . . 3 . . Weapon Failures 1 | . . . . . . . . . . . . . . . 1 . . . . . . . . Overload Shots . | . . . . . . . . . . . . . . . . . . . . . . . . Overflow Damage 2560 | . . . . . 26 224 418 216 314 496 . 11 . . 77 231 . 298 25 1 38 . 185 Projectiles 1118 | . . . . . . 210 328 216 314 . . 11 . . . . . . . 1 38 . . Explosions 77 | . . . . . . . . . . . . . . . 77 . . . . . . . . Melee 1365 | . . . . . 26 14 90 . . 496 . . . . . 231 . 298 25 . . . 185 Knockbacks 48 | . . . . . . 11 7 3 7 9 . 3 . . . 1 . . . 2 4 . 1 Impact 15 | . . . . . . 2 3 . . 8 . . . . . 1 . . . . . . 1 Kinetic 29 | . . . . . . 9 2 3 6 . . 3 . . . . . . . 2 4 . . Secondary 4 | . . . . . . . 2 . 1 1 . . . . . . . . . . . . . Self-Inflicted Damage 244 | . . . . . . . . . . 25 . . . . 214 . . . . . 4 1 . Shots 5 | . . . . . . . . . . 2 . . . . 3 . . . . . . . . Rammed 5 | . . . . . . . 1 . . . . . . . . 1 . . . . 1 1 1 Targets Rammed 5 | . . . . . . . 1 . . . . . . . . 1 . . . . 1 1 1 Kicked . | . . . . . . . . . . . . . . . . . . . . . . . . Crushed . | . . . . . . . . . . . . . . . . . . . . . . . . Highest Temperature 387 | . 258 213 . . 54 . . . . 225 . 387 . 251 81 60 281 45 . 170 199 . 93 Average Temperature 81 | . 110 111 . . 39 . . . . 104 . 136 . 91 30 19 110 22 . 81 78 . 55 Received Heat Transfer 2274 | . 66 51 . . 27 318 72 69 9 499 27 225 . 209 45 265 17 . . . 24 51 300 Effects 9 | . 1 . . . . . . . . . . 7 . . . . 1 . . . . . . Shutdowns 1 | . . . . . . . . . . . . 1 . . . . . . . . . . . Energy Bleed 2 | . 1 . . . . . . . . . . 1 . . . . . . . . . . . Interference 6 | . . . . . . . . . . . . 5 . . . . 1 . . . . . . Siege Activations . | . . . . . . . . . . . . . . . . . . . . . . . . Robots Corrupted . | . . . . . . . . . . . . . . . . . . . . . . . . Combat Hostiles . | . . . . . . . . . . . . . . . . . . . . . . . . Parts Fried 23 | . 1 . . . 3 . 2 . . 6 . . . . . 9 . . . . . . 2 Impact Corruptions 36 | . . . . . 2 1 6 . 1 16 . . . . . 7 . . . . . . 3 Robots Melted . | . . . . . . . . . . . . . . . . . . . . . . . . Combat Hostiles . | . . . . . . . . . . . . . . . . . . . . . . . . Parts Melted . | . . . . . . . . . . . . . . . . . . . . . . . . Heat Transferred 1199 | . 50 . . . 50 . . . . . . . . . 100 . . . . 222 777 . . Parts Sabotaged . | . . . . . . . . . . . . . . . . . . . . . . . . Parts Stolen . | . . . . . . . . . . . . . . . . . . . . . . . . Parts Stripped . | . . . . . . . . . . . . . . . . . . . . . . . . Power Chain Reactions 2 | . 1 . . . 1 . . . . . . . . . . . . . . . . . . Alert | -11 -10 -10 -10 -9 -8 -8 -7 -7 -7 -7 -6 -6 -6 -6 -5 -5 -5 -5 -4 -3 -3 -2 -2 ------- Run | Yrd Mat Min Exi Min Mat Gar Fac Gar Fac Gar Fac Gar Fac Gar Fac Ext Cet Arc Fac Res Qua Res Tes Peak Influence 1231 | . 89 84 . . 91 1070 593 1201 911 1231 568 765 401 717 492 424 212 210 91 370 751 371 335 Initial 630 | . . 34 . . . 59 561 415 630 576 568 370 401 296 375 240 109 4 6 47 207 311 199 Average 469 | . 54 77 . . 60 604 530 795 672 950 561 525 401 501 386 214 119 93 62 186 538 339 212 Maximum Alert Level 4 | . . . . . . 3 2 4 3 4 2 3 2 3 2 2 1 1 . 1 3 1 1 Low Security (%) 22 | . 100 100 . 100 100 15 . . . . . . . . . 41 66 88 100 54 . . 21 Level 1 22 | . . . . . . 9 16 . . . . 21 . 30 63 56 33 11 . 45 16 100 78 Level 2 33 | . . . . . . 39 83 35 72 11 100 67 100 55 36 2 . . . . 72 . . Level 3 18 | . . . . . . 34 . 54 27 71 . 11 . 13 . . . . . . 11 . . Level 4 2 | . . . . . . . . 10 . 17 . . . . . . . . . . . . . Level 5 . | . . . . . . . . . . . . . . . . . . . . . . . . High Security . | . . . . . . . . . . . . . . . . . . . . . . . . Max Security . | . . . . . . . . . . . . . . . . . . . . . . . . Squads Dispatched 30 | . 1 . . . . . 3 . 1 . 2 . 2 . 1 3 . . . 4 9 . 4 Investigation 8 | . . . . . . . . . . . 1 . 1 . 1 1 . . . 2 1 . 1 Extermination 8 | . . . . . . . 2 . 1 . . . 1 . . . . . . . 3 . 1 Reinforcement 14 | . 1 . . . . . 1 . . . 1 . . . . 2 . . . 2 5 . 2 Assault . | . . . . . . . . . . . . . . . . . . . . . . . . Garrison . | . . . . . . . . . . . . . . . . . . . . . . . . Intercept . | . . . . . . . . . . . . . . . . . . . . . . . . Searches Triggered . | . . . . . . . . . . . . . . . . . . . . . . . . Construction Impeded 3 | . . . . . . . . . . . . . . . . 1 . . . 1 1 . . Haulers Reinforced . | . . . . . . . . . . . . . . . . . . . . . . . . Active Scanning Responses . | . . . . . . . . . . . . . . . . . . . . . . . . Cargo Convoy Interrupts . | . . . . . . . . . . . . . . . . . . . . . . . . Stealth | -11 -10 -10 -10 -9 -8 -8 -7 -7 -7 -7 -6 -6 -6 -6 -5 -5 -5 -5 -4 -3 -3 -2 -2 --------- Run | Yrd Mat Min Exi Min Mat Gar Fac Gar Fac Gar Fac Gar Fac Gar Fac Ext Cet Arc Fac Res Qua Res Tes Distress Signals 13 | . 1 . . . . . 2 . 1 . . . . . . 2 2 1 . 3 . . 1 Communications Jammed . | . . . . . . . . . . . . . . . . . . . . . . . . Distress Signals . | . . . . . . . . . . . . . . . . . . . . . . . . Times Spotted 315 | . 5 2 . . 3 30 19 23 14 47 4 23 . 18 5 31 9 8 2 16 31 4 21 Peak Tracking Total 15 | . 5 2 . . 1 4 10 8 3 7 4 3 1 7 2 6 5 2 2 4 5 4 15 Tactical Retreats 23 | . . . . . . 2 . 5 . 3 . 7 . 1 . 3 . . . 1 1 . . Traps | -11 -10 -10 -10 -9 -8 -8 -7 -7 -7 -7 -6 -6 -6 -6 -5 -5 -5 -5 -4 -3 -3 -2 -2 ------- Run | Yrd Mat Min Exi Min Mat Gar Fac Gar Fac Gar Fac Gar Fac Gar Fac Ext Cet Arc Fac Res Qua Res Tes Traps Triggered 26 | . . . . . 1 4 1 2 2 3 1 1 . 1 1 3 . . . 1 2 1 2 Indirectly . | . . . . . . . . . . . . . . . . . . . . . . . . Trap Hack Attempts . | . . . . . . . . . . . . . . . . . . . . . . . . Triggered . | . . . . . . . . . . . . . . . . . . . . . . . . Disarmed . | . . . . . . . . . . . . . . . . . . . . . . . . Reprogrammed . | . . . . . . . . . . . . . . . . . . . . . . . . Reused 2 | . . . . . . 2 . . . . . . . . . . . . . . . . . Traps Extracted . | . . . . . . . . . . . . . . . . . . . . . . . . Installed 4 | . . . . . . 4 . . . . . . . . . . . . . . . . . Triggered 2 | . . . . . . 2 . . . . . . . . . . . . . . . . . Most Traps Carried 2 | . . . . . . 2 . . . . . . . . . . . . . . . . . Machines | -11 -10 -10 -10 -9 -8 -8 -7 -7 -7 -7 -6 -6 -6 -6 -5 -5 -5 -5 -4 -3 -3 -2 -2 ---------- Run | Yrd Mat Min Exi Min Mat Gar Fac Gar Fac Gar Fac Gar Fac Gar Fac Ext Cet Arc Fac Res Qua Res Tes Machines Disabled 55 | . . . . . . 8 . 6 . 4 . 6 . 3 12 1 . 1 . 3 10 . 1 Max in Single Turn 12 | . . . . . . 1 . 2 . 1 . 1 . 1 12 . . 1 . 1 1 . 1 Garrison Access 2 | . . . . . . . . . . . . . . . . . . . . 2 . . . Garrison Relay 14 | . . . . . . 4 . 2 . 4 . 2 . 2 . . . . . . . . . Phase Generator 1 | . . . . . . . . 1 . . . . . . . . . . . . . . . Energy Cycler 1 | . . . . . . . . . . . . . . . . 1 . . . . . . . Machines Repaired . | . . . . . . . . . . . . . . . . . . . . . . . . Machines Dismantled . | . . . . . . . . . . . . . . . . . . . . . . . . Machines Sabotaged . | . . . . . . . . . . . . . . . . . . . . . . . . Overloaded Fab Kills . | . . . . . . . . . . . . . . . . . . . . . . . . Hacking | -11 -10 -10 -10 -9 -8 -8 -7 -7 -7 -7 -6 -6 -6 -6 -5 -5 -5 -5 -4 -3 -3 -2 -2 --------- Run | Yrd Mat Min Exi Min Mat Gar Fac Gar Fac Gar Fac Gar Fac Gar Fac Ext Cet Arc Fac Res Qua Res Tes Machines Accessed 56 | . . . 2 . 2 3 3 2 6 2 2 1 3 2 5 8 1 . . 4 5 3 2 Terminals 36 | . . . . . 1 3 2 2 1 2 1 1 . 2 2 8 1 . . 2 5 2 1 Fabricators 7 | . . . . . . . . . 2 . . . 2 . 2 . . . . . . 1 . Repair Stations . | . . . . . . . . . . . . . . . . . . . . . . . . Recycling Units 2 | . . . . . . . . . 2 . . . . . . . . . . . . . . Scanalyzers 1 | . . . . . . . . . . . . . . . 1 . . . . . . . . Garrison Access 8 | . . . . . 1 . 1 . 1 . 1 . 1 . . . . . . 2 . . 1 Total Hacks 116 | . . . 2 . 5 8 5 2 13 5 4 1 7 7 7 14 1 . . 13 12 6 4 Successful 67 | . . . 2 . 2 2 3 2 10 . 3 . 5 1 4 8 1 . . 11 6 4 3 Failed 49 | . . . . . 3 6 2 . 3 5 1 1 2 6 3 6 . . . 2 6 2 1 Catastrophic 10 | . . . . . . 1 . . . 1 . 1 . 2 1 2 . . . . 1 . 1 Database Lockouts . | . . . . . . . . . . . . . . . . . . . . . . . . Manual 50 | . . . 1 . 4 1 3 . 9 1 2 . 4 . 2 3 1 . . 5 9 2 3 Terminals 78 | . . . . . 4 8 4 2 2 5 2 1 . 7 2 14 1 . . 9 12 3 2 Fabricators 18 | . . . . . . . . . 7 . . . 4 . 4 . . . . . . 3 . Repair Stations . | . . . . . . . . . . . . . . . . . . . . . . . . Recycling Units 2 | . . . . . . . . . 2 . . . . . . . . . . . . . . Scanalyzers 1 | . . . . . . . . . . . . . . . 1 . . . . . . . . Garrison Access 15 | . . . . . 1 . 1 . 2 . 2 . 3 . . . . . . 4 . . 2 Terminal Hacks 26 | . . . 2 . . 2 1 2 . . . . . 1 1 6 1 . . 4 4 2 . Record 4 | . . . 1 . . . . . . . . . . . . . . . . . 3 . . Prototype ID Bank 1 | . . . . . . . . . . . . . . . . . . . . 1 . . . Open Door 7 | . . . . . . . . 1 . . . . . . 1 4 1 . . . . . . Open DSF 2 | . . . . . . . 1 . . . . . . . . . . . . . . 1 . Level Access Points 1 | . . . . . . . . . . . . . . . . . . . . . 1 . . Branch Access Points 2 | . . . . . . . . . . . . . . . . . . . . 1 . 1 . Emergency Access Points 1 | . . . . . . 1 . . . . . . . . . . . . . . . . . Unreport Threat 2 | . . . . . . . . . . . . . . . . . . . . 2 . . . Locate Traps 1 | . . . . . . . . . . . . . . . . 1 . . . . . . . Zone Layout 1 | . . . . . . . . . . . . . . . . 1 . . . . . . . Garrison Registry 2 | . . . . . . 1 . 1 . . . . . . . . . . . . . . . Patrol Navigation 1 | . . . . . . . . . . . . . . 1 . . . . . . . . . Derelict Proto ID Bank 1 | . . . 1 . . . . . . . . . . . . . . . . . . . . Fabricator Hacks 6 | . . . . . . . . . 2 . . . 1 . 2 . . . . . . 1 . Network Status 1 | . . . . . . . . . . . . . 1 . . . . . . . . . . Load Schematic 1 | . . . . . . . . . . . . . . . . . . . . . . 1 . Build 4 | . . . . . . . . . 2 . . . . . 2 . . . . . . . . Repair Station Hacks . | . . . . . . . . . . . . . . . . . . . . . . . . Recycling Unit Hacks . | . . . . . . . . . . . . . . . . . . . . . . . . Scanalyzer . | . . . . . . . . . . . . . . . . . . . . . . . . Garrison Access Hacks 13 | . . . . . 1 . 1 . 2 . 2 . 2 . . . . . . 4 . . 1 Unlock Access 5 | . . . . . 1 . 1 . 1 . 1 . 1 . . . . . . . . . . Seal Access 2 | . . . . . . . . . . . . . . . . . . . . 2 . . . Coupler Status 6 | . . . . . . . . . 1 . 1 . 1 . . . . . . 2 . . 1 Unauthorized Hacks 22 | . . . . . 1 . 1 . 6 . 1 . 2 . 1 2 . . . 3 2 1 2 Terminals 13 | . . . . . 1 . 1 . 1 . 1 . . . . 2 . . . 3 2 1 1 Track 1 | . . . . . . . . . . . . . . . . . . . . 1 . . . Botnet 12 | . . . . . 1 . 1 . 1 . 1 . . . . 2 . . . 2 2 1 1 Fabricators 4 | . . . . . . . . . 3 . . . 1 . . . . . . . . . . Report 1 | . . . . . . . . . 1 . . . . . . . . . . . . . . Liberate 1 | . . . . . . . . . 1 . . . . . . . . . . . . . . Fabnet 2 | . . . . . . . . . 1 . . . 1 . . . . . . . . . . Repair Stations . | . . . . . . . . . . . . . . . . . . . . . . . . Recycling Units 2 | . . . . . . . . . 2 . . . . . . . . . . . . . . Reject 2 | . . . . . . . . . 2 . . . . . . . . . . . . . . Scanalyzers 1 | . . . . . . . . . . . . . . . 1 . . . . . . . . Extract 1 | . . . . . . . . . . . . . . . 1 . . . . . . . . Garrison Access 2 | . . . . . . . . . . . . . 1 . . . . . . . . . 1 Reprogram 1 | . . . . . . . . . . . . . . . . . . . . . . . 1 Eject 1 | . . . . . . . . . . . . . 1 . . . . . . . . . . Data Cores Recovered 2 | . . . . . . . . . . . . . . . . . . . . 1 1 . . Used . | . . . . . . . . . . . . . . . . . . . . . . . . Hacking Detections 43 | . . . . . 2 3 1 1 6 2 1 1 2 2 3 6 . . . 4 4 3 2 Full Trace Events 5 | . . . . . . 1 . . . 2 . . . 1 . 1 . . . . . . . Feedback Events . | . . . . . . . . . . . . . . . . . . . . . . . . Feedback Blocked . | . . . . . . . . . . . . . . . . . . . . . . . . Robot Schematics Acquired 10 | . . . . . . . . . . . . . . . . . . . . . 10 . . Robots Built 3 | . . . . . . . . . 3 . . . . . . . . . . . . . . Authchips . | . . . . . . . . . . . . . . . . . . . . . . . . Time 192 | . . . . . . . . . 116 . . . . . 76 . . . . . . . . Total Robot Build Rating 9 | . . . . . . . . . 9 . . . . . . . . . . . . . . Part Schematics Acquired 11 | . . . . . . . . . . . . . . . 1 . . . . . 10 . . Parts Built 2 | . . . . . . . . . 2 . . . . . . . . . . . . . . Authchips . | . . . . . . . . . . . . . . . . . . . . . . . . Time 234 | . . . . . . . . . 95 . . . . . 139 . . . . . . . . Total Part Build Rating 10 | . . . . . . . . . 10 . . . . . . . . . . . . . . Parts Repaired . | . . . . . . . . . . . . . . . . . . . . . . . . Time . | . . . . . . . . . . . . . . . . . . . . . . . . Parts Recycled . | . . . . . . . . . . . . . . . . . . . . . . . . Recycled Matter . | . . . . . . . . . . . . . . . . . . . . . . . . Retrieved Matter . | . . . . . . . . . . . . . . . . . . . . . . . . Retrieved Components . | . . . . . . . . . . . . . . . . . . . . . . . . Parts Scanalyzed . | . . . . . . . . . . . . . . . . . . . . . . . . Part Schematics Acquired . | . . . . . . . . . . . . . . . . . . . . . . . . Parts Damaged . | . . . . . . . . . . . . . . . . . . . . . . . . Bothacking | -11 -10 -10 -10 -9 -8 -8 -7 -7 -7 -7 -6 -6 -6 -6 -5 -5 -5 -5 -4 -3 -3 -2 -2 ------------ Run | Yrd Mat Min Exi Min Mat Gar Fac Gar Fac Gar Fac Gar Fac Gar Fac Ext Cet Arc Fac Res Qua Res Tes Used RIF Installer 5 | . . . . . . 2 . 1 . 1 . . . 1 . . . . . . . . . Threat Obfuscator 1 | . . . . . . . . . . 1 . . . . . . . . . . . . . Robot Detection 1 | . . . . . . 1 . . . . . . . . . . . . . . . . . Structural Interface 1 | . . . . . . . . . . . . . . 1 . . . . . . . . . Program Shield 1 | . . . . . . . . 1 . . . . . . . . . . . . . . . Robots Hacked 60 | . . . . . . 3 5 7 2 17 3 4 . 5 5 8 . 1 . . . . . Non-combat 13 | . . . . . . . 5 . 2 . . . . . 4 2 . . . . . . . Combat 47 | . . . . . . 3 . 7 . 17 3 4 . 5 1 6 . 1 . . . . . Robot Hacks Applied 65 | . . . . . . 4 5 9 3 19 2 4 . 4 6 9 . . . . . . . parse_system 4 | . . . . . . 1 . . . 3 . . . . . . . . . . . . . no_distress 1 | . . . . . . . . . . . . . . . 1 . . . . . . . . find_chute 2 | . . . . . . . 1 . . . . . . . 1 . . . . . . . . ignore_repairs 1 | . . . . . . . . . . . . . . . . 1 . . . . . . . drop_inventory 1 | . . . . . . . . . 1 . . . . . . . . . . . . . . find_recycling 2 | . . . . . . . 1 . . . . . . . 1 . . . . . . . . ignore_parts 2 | . . . . . . . . . . . . . . . 2 . . . . . . . . map_route 1 | . . . . . . . . . 1 . . . . . . . . . . . . . . mark_security 1 | . . . . . . . . . . . . . . . . 1 . . . . . . . find_shortcuts 1 | . . . . . . . . 1 . . . . . . . . . . . . . . . link_fov 1 | . . . . . . . 1 . . . . . . . . . . . . . . . . scatter_targeting 2 | . . . . . . . . 1 . . . . . . . 1 . . . . . . . spike_heat 1 | . . . . . . . . . . 1 . . . . . . . . . . . . . overload_power 2 | . . . . . . . . 1 . . . . . . . 1 . . . . . . . amplify_resonance 5 | . . . . . . . 1 2 . 1 . . . . . 1 . . . . . . . go_dormant 2 | . . . . . . . . 1 . 1 . . . . . . . . . . . . . streamctrl_high 4 | . . . . . . 1 . . . . . 1 . 2 . . . . . . . . . formatsys_low 1 | . . . . . . . 1 . . . . . . . . . . . . . . . . formatsys_high 31 | . . . . . . 2 . 3 1 13 2 3 . 2 1 4 . . . . . . . Relay Couplers Released 57 | . . . . . . 15 . 8 . 13 . 8 4 9 . . . . . . . . . Ejected 4 | . . . . . . . . . . . . . 4 . . . . . . . . . . Machine Destruction 53 | . . . . . . 15 . 8 . 13 . 8 . 9 . . . . . . . . . Attached 25 | . . . . . . 4 1 2 1 8 1 3 . 1 1 3 . . . . . . . Fabnet Peak Effective % 4 | . . . . . . . . . . . 3 3 3 3 4 4 4 4 1 . . . . Autooverrided 3 | . . . . . . . . . . . 1 . . 1 . . . 1 . . . . . Robots Rewired 25 | . . . . . . 5 . 3 . . . 2 . . . 15 . . . . . . . Allies Hacked 2 | . . . . . . 1 . . . . . . . . 1 . . . . . . . . Hacks Repelled . | . . . . . . . . . . . . . . . . . . . . . . . . Allies | -11 -10 -10 -10 -9 -8 -8 -7 -7 -7 -7 -6 -6 -6 -6 -5 -5 -5 -5 -4 -3 -3 -2 -2 -------- Run | Yrd Mat Min Exi Min Mat Gar Fac Gar Fac Gar Fac Gar Fac Gar Fac Ext Cet Arc Fac Res Qua Res Tes Total Allies 86 | . . . . . . 8 1 6 7 15 3 6 . 5 1 24 5 1 . . . . 4 Largest Group 11 | . . . . . . 5 3 4 10 11 2 2 . 2 1 6 6 6 4 4 4 . 4 Highest-Rated Group 596 | . . . . . . 92 43 114 242 274 58 177 . 61 49 318 596 596 384 384 384 . 232 Highest-Rated Ally 159 | . . . . . . 31 23 32 32 90 29 148 . 32 49 159 152 116 96 96 96 . 58 Total Orders 14 | . . . . . . 8 . . . . . 4 . . . 2 . . . . . . . STAY 9 | . . . . . . 5 . . . . . 3 . . . 1 . . . . . . . FOLLOW 5 | . . . . . . 3 . . . . . 1 . . . 1 . . . . . . . Ally Attacks 580 | . . . . . . 27 1 3 24 122 13 37 . 28 3 119 32 21 13 48 74 . 15 Total Damage 13929 | . . . . . . 418 16 11 435 2105 185 1352 . 790 58 1726 1052 762 426 1769 2452 . 372 Kills 85 | . . . . . . 4 . 1 3 10 . 4 . 8 . 19 6 4 2 11 10 . 3 Allies Corrupted 3 | . . . . . . . 2 . . . . . . . 1 . . . . . . . . Allies Melted 2 | . . . . . . . . . . . 1 . . . . 1 . . . . . . . Intel | -11 -10 -10 -10 -9 -8 -8 -7 -7 -7 -7 -6 -6 -6 -6 -5 -5 -5 -5 -4 -3 -3 -2 -2 ------- Run | Yrd Mat Min Exi Min Mat Gar Fac Gar Fac Gar Fac Gar Fac Gar Fac Ext Cet Arc Fac Res Qua Res Tes Robot Analysis Total . | . . . . . . . . . . . . . . . . . . . . . . . . Derelict Logs Recovered 3 | . . 1 . 2 . . . . . . . . . . . . . . . . . . . Drone Launches . | . . . . . . . . . . . . . . . . . . . . . . . . Drone Recoveries . | . . . . . . . . . . . . . . . . . . . . . . . . Exploration | -11 -10 -10 -10 -9 -8 -8 -7 -7 -7 -7 -6 -6 -6 -6 -5 -5 -5 -5 -4 -3 -3 -2 -2 ------------- Run | Yrd Mat Min Exi Min Mat Gar Fac Gar Fac Gar Fac Gar Fac Gar Fac Ext Cet Arc Fac Res Qua Res Tes Turns Passed 16475 | . 148 84 345 134 277 1664 729 1341 888 1505 113 1349 323 936 719 1766 547 762 371 797 1011 246 420 Spaces Moved 8748 | 1 65 42 326 122 149 829 323 544 601 723 95 658 184 457 378 788 249 361 213 450 612 282 296 Core 123 | . . . . . . . . . . . . . . . . . . . . . 117 . 6 Treads 4011 | . 63 42 15 . . . 17 . . 7 . 609 184 457 378 640 222 361 213 450 353 . . Legs 44 | 1 2 . . . . . 13 1 . 27 . . . . . . . . . . . . . Wheels 3974 | . . . 311 122 108 739 293 543 601 689 95 49 . . . 148 27 . . . 10 . 239 Hover 131 | . . . . . 41 90 . . . . . . . . . . . . . . . . . Flight 465 | . . . . . . . . . . . . . . . . . . . . . 132 282 51 Fastest Speed 37 | 120 120 160 80 110 110 110 155 155 105 105 105 105 170 170 170 145 145 160 160 160 37 39 50 Average Speed 151 | 120 158 160 102 110 143 161 183 197 127 154 105 165 170 170 170 165 158 160 160 160 115 73 117 Slowest Speed 820 | 120 160 160 160 110 410 640 820 610 245 400 105 170 170 170 170 170 240 160 160 160 240 280 750 Overloaded Moves . | . . . . . . . . . . . . . . . . . . . . . . . . Propulsion Burnouts . | . . . . . . . . . . . . . . . . . . . . . . . . Robots Hopped . | . . . . . . . . . . . . . . . . . . . . . . . . Cave-ins Triggered 2 | . . . . . . . . . . . . . . . . 2 . . . . . . . Teleports 1 | . . . . . . . . . . . . . . . . . . . . . 1 . . Exploration Rate (%) 36 | 2 22 12 62 45 15 71 10 55 20 64 4 53 5 47 10 78 76 94 3 16 64 12 29 Regions Visited 23 Branch Regions 8 Pre-discovered Areas 2 | . . 1 1 . . . . . . . . . . . . . . . . . . . . Known Exits Taken 13 | . . . . . 1 . 1 . 1 . 1 . 1 . 1 1 1 1 1 1 1 1 . Unknown Exits Taken 5 | 1 1 1 1 1 . . . . . . . . . . . . . . . . . . . Scrap Searched 1 | . . . . 1 . . . . . . . . . . . . . . . . . . . Spaces Dug 49 | . . . . . 7 1 4 3 2 5 1 2 . . 2 17 . . . . 4 . 1 Terrain Destroyed 327 | . . . . . 12 19 6 75 5 88 1 12 . 9 29 26 6 . . 5 33 . 1 Melee 31 | . . . . . 7 1 4 3 1 5 1 2 . . 2 . . . . . 4 . 1 Projectile 109 | . . . . . . 18 2 3 4 2 . 10 . 8 . 22 6 . . 5 29 . . AOE 180 | . . . . . 5 . . 69 . 81 . . . . 25 . . . . . . . . Terrain Rammed . | . . . . . . . . . . . . . . . . . . . . . . . . Walls Destroyed . | . . . . . . . . . . . . . . . . . . . . . . . . Machines Disabled . | . . . . . . . . . . . . . . . . . . . . . . . . Actions | -11 -10 -10 -10 -9 -8 -8 -7 -7 -7 -7 -6 -6 -6 -6 -5 -5 -5 -5 -4 -3 -3 -2 -2 --------- Run | Yrd Mat Min Exi Min Mat Gar Fac Gar Fac Gar Fac Gar Fac Gar Fac Ext Cet Arc Fac Res Qua Res Tes Total 10996 | . 90 47 338 121 190 1101 411 702 710 948 104 834 196 562 421 1132 359 537 228 505 784 317 359 Wait 707 | . . . . . 1 66 51 14 70 26 . 74 . 55 5 93 62 116 . 18 41 11 4 Move 8725 | . 64 41 325 121 148 827 323 543 600 722 94 657 184 455 377 786 248 360 212 449 611 282 296 Hop . | . . . . . . . . . . . . . . . . . . . . . . . . Pick Up 138 | . 6 . 6 . 5 24 . 6 7 16 . 11 4 2 3 15 5 14 2 5 5 1 1 Fast Attach 111 | . 1 . . . 2 6 5 7 2 10 1 6 1 8 5 5 7 4 1 10 14 8 8 Attach 119 | . 2 . 2 . 6 18 2 4 3 20 3 6 1 1 3 10 4 3 1 2 22 1 5 Detach 71 | . 2 . . . 7 18 3 3 . 8 . 7 1 1 . 1 . 2 . . 13 . 5 Swap 18 | . . . 1 . 1 . . . 3 2 . . . . . 4 2 3 . 1 1 . . Drop 168 | . 4 . 4 . 3 18 3 5 11 9 . 11 5 8 4 14 13 20 1 11 17 3 4 Fire 370 | . 11 6 . . 6 10 7 53 7 48 3 29 . 28 21 65 18 3 . 9 46 . . Melee 259 | . . . . . 11 37 16 35 7 74 1 26 . 2 3 7 . 12 11 . 11 1 5 Ram 3 | . . . . . . . 1 . . . . . . . . . . . . . 1 . 1 Kick . | . . . . . . . . . . . . . . . . . . . . . . . . Crush 1 | . . . . . . . . . . . . . . . . 1 . . . . . . . Escape Stasis 84 | . . . . . . 16 . 16 . 9 . . . . . 1 . . . . 2 10 30 Rewire 218 | . . . . . . 57 . 16 . 4 2 7 . 2 . 130 . . . . . . . Trap 4 | . . . . . . 4 . . . . . . . . . . . . . . . . . Miscellaneous . | . . . . . . . . . . . . . . . . . . . . . . . . Route ------- -11/Scrapyard -10/Materials -10/Mines -10/Exiles -9/Mines -8/Materials -8/Garrison (discovered 3 exits: *Fac x3) -7/Factory -7/Garrison (discovered 3 exits: *Fac x3) -7/Factory -7/Garrison (discovered 2 exits: *Fac x2) -6/Factory -6/Garrison (discovered 2 exits: *Fac x2) -6/Factory -6/Garrison -5/Factory (discovered 2 exits: *Upp / *Ext) -5/Extension (discovered 2 exits: *Fac / *Cet) -5/Cetus (discovered 2 exits: *Fac / *Arc) -5/Archives (discovered 3 exits: *Fac / *Hub x2) -4/Factory -3/Research (discovered 2 exits: *Qua x2) -3/Quarantine -2/Research (discovered 2 exits: *Tes x2) -2/Testing History --------- Turn | Location | Event 1 | -11/Scrapyard | Discovered new exit (range 0) 1 | -11/Scrapyard | Entered Materials 133 | -10/Materials | Discovered new exit (range 8) 149 | -10/Materials | Entered Mines 196 | -10/Mines | Learned location of Mines (-9) 225 | -10/Mines | Deemed a non-threat by the Exiles lab entrance 227 | -10/Mines | Discovered new exit (range 5) 233 | -10/Mines | Met a Derelict bent on vengeance 233 | -10/Mines | Entered Exiles 272 | -10/Exiles | Met 8R-AWN 286 | -10/Exiles | Met EX-HEX 301 | -10/Exiles | Build established: Mutant 310 | -10/Exiles | Met EX-BIN 319 | -10/Exiles | Met EX-DEC 322 | -10/Exiles | Learned location of Zion (-6) 418 | -10/Exiles | Aligned with FarCom system 419 | -10/Exiles | Given EX-Vault access code 448 | -10/Exiles | Opened EX-Vault 457 | -10/Exiles | Found AWS/Gauss 460 | -10/Exiles | Found AWS/Autocannon 466 | -10/Exiles | Found Superbattery 492 | -10/Exiles | Warned to stay clear of 0b10 Research branches 564 | -10/Exiles | Discovered new exit (range 14) 578 | -10/Exiles | Stole three prototypes: Superbattery, AWS/Gauss, AWS/Autocannon 578 | -10/Exiles | Entered Mines 605 | -9/Mines | Learned Materials terminal intel 695 | -9/Mines | Discovered new exit (range 16) 708 | -9/Mines | Learned 2 Materials zone layouts 712 | -9/Mines | Entered Materials 712 | -8/Materials | Evolved 4 slots: Utility x1, Weapon x3 714 | -8/Materials | Loaded intel: 12 terminal locations 987 | -8/Materials | Identified exit to Garrison 989 | -8/Materials | Entered Garrison 1026 | -8/Garrison | Installed Relay Interface Framework 1156 | -8/Garrison | Discovered new exit (range 70) 1156 | -8/Garrison | Discovered new exit (range 77) 1156 | -8/Garrison | Discovered new exit (range 56) 1241 | -8/Garrison | Triggered checkpoint 1254 | -8/Garrison | Triggered checkpoint 1648 | -8/Garrison | Build established: Skirmisher 1723 | -8/Garrison | Garrison Relay disabled 1804 | -8/Garrison | Lost 3 allies 2063 | -8/Garrison | Triggered checkpoint 2073 | -8/Garrison | Garrison Relay disabled 2319 | -8/Garrison | Triggered checkpoint 2329 | -8/Garrison | Garrison Relay disabled 2381 | -8/Garrison | Triggered checkpoint 2395 | -8/Garrison | Build established: Bothacker-Skirmisher 2478 | -8/Garrison | Expanded RIF knowledge: Robot Detection 2534 | -8/Garrison | Garrison Relay disabled 2653 | -8/Garrison | Entered Factory 2653 | -7/Factory | Accompanied by 3 allies 2653 | -7/Factory | Evolved 2 slots: Propulsion x1, Utility x1 2655 | -7/Factory | FarCom data flow suspended 2849 | -7/Factory | Identified exit to DSF 2959 | -7/Factory | Build established: Bothacker-Gunner 3125 | -7/Factory | Lost 3 parts (2n1u) 3382 | -7/Factory | Identified exit to Garrison 3382 | -7/Factory | Entered Garrison 3706 | -7/Garrison | Phase Generator disabled 3856 | -7/Garrison | Triggered checkpoint 3886 | -7/Garrison | Discovered new exit (range 32) 3886 | -7/Garrison | Discovered new exit (range 63) 3886 | -7/Garrison | Discovered new exit (range 92) 3902 | -7/Garrison | Garrison Relay disabled 3976 | -7/Garrison | Triggered checkpoint 3976 | -7/Garrison | Triggered checkpoint 4035 | -7/Garrison | Lost 3 parts (1p1n1w) 4102 | -7/Garrison | Garrison Relay disabled 4183 | -7/Garrison | Expanded RIF knowledge: Program Shield 4723 | -7/Garrison | Entered Factory 4723 | -7/Factory | Accompanied by 4 allies 5286 | -7/Factory | Fabricated G-47 Trooper? 5334 | -7/Factory | Allied Derelicts emerged from ambush trap array 5597 | -7/Factory | Fabricated Imp. Hardlight Generator (x2) 5598 | -7/Factory | Identified exit to Garrison 5611 | -7/Factory | Entered Garrison 5611 | -7/Garrison | Accompanied by 10 allies 5624 | -7/Garrison | Expanded RIF knowledge: Threat Obfuscation 5717 | -7/Garrison | Triggered checkpoint 5733 | -7/Garrison | Garrison Relay disabled 5773 | -7/Garrison | Triggered checkpoint 5781 | -7/Garrison | Triggered checkpoint 5801 | -7/Garrison | Triggered checkpoint 5841 | -7/Garrison | Core integrity fell below 50% 5852 | -7/Garrison | Lost 11 allies 5857 | -7/Garrison | Triggered checkpoint 5868 | -7/Garrison | Lost 5 parts (1p1n3w) 5979 | -7/Garrison | Discovered new exit (range 8) 6108 | -7/Garrison | Build established: Bothacker-Mutant 6149 | -7/Garrison | Garrison Relay disabled 6327 | -7/Garrison | Discovered new exit (range 13) 6521 | -7/Garrison | Triggered checkpoint 6650 | -7/Garrison | System corruption reached 10% 6747 | -7/Garrison | Lost 6 allies 6773 | -7/Garrison | Garrison Relay disabled 6787 | -7/Garrison | Heavy support dispatched to Factory 6799 | -7/Garrison | Garrison Relay disabled 6892 | -7/Garrison | Rescued a captive Derelict 6892 | -7/Garrison | Rescued a captive Derelict 7034 | -7/Garrison | Spotted B-75 Beast 7098 | -7/Garrison | Lost 5 allies 7116 | -7/Garrison | Entered Factory 7116 | -6/Factory | Evolved 2 slots: Propulsion x1, Utility x1 7223 | -6/Factory | Identified exit to Garrison 7229 | -6/Factory | Entered Garrison 7229 | -6/Garrison | Accompanied by 1 ally 7235 | -6/Garrison | Spotted B-90 Cyclops 7254 | -6/Garrison | Rewired B-90 Cyclops 7271 | -6/Garrison | Rewired B-75 Beast 7275 | -6/Garrison | Allies destroyed B-90 Cyclops 7565 | -6/Garrison | Build established: Bothacker-Tank 7665 | -6/Garrison | Triggered checkpoint 7738 | -6/Garrison | Garrison Relay disabled 7883 | -6/Garrison | Triggered checkpoint 7914 | -6/Garrison | Heavy support dispatched to Factory 7992 | -6/Garrison | Discovered new exit (range 15) 8039 | -6/Garrison | Triggered checkpoint 8079 | -6/Garrison | Garrison Relay disabled 8179 | -6/Garrison | Triggered checkpoint 8198 | -6/Garrison | Discovered new exit (range 6) 8563 | -6/Garrison | Identified exit to Factory 8578 | -6/Garrison | Entered Factory 8901 | -6/Factory | Identified exit to Garrison 8901 | -6/Factory | Entered Garrison 8965 | -6/Garrison | Expanded RIF knowledge: Structural Interface 8975 | -6/Garrison | Triggered checkpoint 9091 | -6/Garrison | Triggered checkpoint 9207 | -6/Garrison | Garrison Relay disabled 9387 | -6/Garrison | Triggered checkpoint 9467 | -6/Garrison | Discovered new exit (range 14) 9507 | -6/Garrison | Build established: Botlord-Tank 9601 | -6/Garrison | Triggered checkpoint 9710 | -6/Garrison | Garrison Relay disabled 9770 | -6/Garrison | Heavy support dispatched to Factory 9832 | -6/Garrison | Identified exit to Factory 9837 | -6/Garrison | Entered Factory 9837 | -5/Factory | Accompanied by 1 ally 9837 | -5/Factory | Evolved 2 slots: Utility x2 10108 | -5/Factory | Discovered new exit (range 10) 10120 | -5/Factory | Identified exit to Extension 10226 | -5/Factory | Discovered new exit (range 10) 10240 | -5/Factory | Identified exit to Upper Caves 10556 | -5/Factory | Entered Extension 10774 | -5/Extension | Rescued a captive Derelict 10774 | -5/Extension | Rescued a captive Derelict 11021 | -5/Extension | Lost 3 allies 11149 | -5/Extension | Rescued a captive Derelict 11150 | -5/Extension | Rescued a captive Derelict 11208 | -5/Extension | Lost 6 allies 11240 | -5/Extension | Build established: Bothacker-Tank 11387 | -5/Extension | Lost 4 allies 11547 | -5/Extension | Crushed by falling debris 11553 | -5/Extension | Crushed by falling debris 11561 | -5/Extension | Energy Cycler disabled 11561 | -5/Extension | Rescued a captive Derelict 11561 | -5/Extension | Rescued a captive Derelict 11566 | -5/Extension | Rescued a captive Derelict 11568 | -5/Extension | Rescued a captive Derelict 11579 | -5/Extension | Rescued a captive Derelict 11639 | -5/Extension | Rescued A7 11968 | -5/Extension | Lost 4 allies 11985 | -5/Extension | Build established: Scavenger-Tank 12088 | -5/Extension | Discovered new exit (range 10) 12090 | -5/Extension | Discovered new exit (range 6) 12317 | -5/Extension | Identified exit to Cetus 12322 | -5/Extension | Entered Cetus 12322 | -5/Cetus | Accompanied by 6 allies (A7) 12327 | -5/Cetus | Acquired a Cetus Manufacturing Module code from A7 12349 | -5/Cetus | Spotted Cetus Guard 12349 | -5/Cetus | Spotted Cetus Guard 12351 | -5/Cetus | Spotted Cetus Guard 12360 | -5/Cetus | Spotted Cetus Guard 12369 | -5/Cetus | Destroyed Cetus Guard 12371 | -5/Cetus | Allies destroyed Cetus Guard 12375 | -5/Cetus | Allies destroyed Cetus Guard 12380 | -5/Cetus | Allies destroyed Cetus Guard 12410 | -5/Cetus | Lost 5 allies 12472 | -5/Cetus | Discovered new exit (range 15) 12500 | -5/Cetus | Spotted Cetus Guard 12500 | -5/Cetus | Spotted Cetus Guard 12505 | -5/Cetus | Destroyed Cetus Guard 12505 | -5/Cetus | Spotted Cetus Guard 12518 | -5/Cetus | Allies destroyed Cetus Guard 12518 | -5/Cetus | Spotted Cetus Guard 12527 | -5/Cetus | Destroyed Cetus Guard 12539 | -5/Cetus | Allies destroyed Cetus Guard 12550 | -5/Cetus | Discovered new exit (range 15) 12558 | -5/Cetus | Met Revision 17 12671 | -5/Cetus | Escorted A7 to Cetus Mainframe 12702 | -5/Cetus | Started Cetus Manufacturing Module 12727 | -5/Cetus | Manufactured an Enhanced Grunt 12752 | -5/Cetus | Manufactured an Enhanced Grunt 12777 | -5/Cetus | Manufactured an Enhanced Grunt 12802 | -5/Cetus | Manufactured an Enhanced Grunt 12825 | -5/Cetus | Identified exit to Archives 12827 | -5/Cetus | Manufactured an Enhanced Grunt 12869 | -5/Cetus | Entered Archives 12869 | -5/Archives | Accompanied by 6 allies (A7) 12874 | -5/Archives | Received a hacking code to weaken MAIN.C 12930 | -5/Archives | Discovered new exit (range 15) 12960 | -5/Archives | Unable to access archive contents 12968 | -5/Archives | Discovered new exit (range 15) 13005 | -5/Archives | Discovered new exit (range 16) 13450 | -5/Archives | Identified exit to Hub_04(d) 13624 | -5/Archives | Identified exit to Factory 13631 | -5/Archives | Entered Factory 13631 | -4/Factory | Accompanied by 4 allies 13631 | -4/Factory | Evolved 2 slots: Utility x2 13978 | -4/Factory | Discovered new exit (range 8) 13989 | -4/Factory | Identified exit to Research 14002 | -4/Factory | Entered Research 14002 | -3/Research | Accompanied by 4 allies 14002 | -3/Research | Evolved 2 slots: Utility x2 14202 | -3/Research | Revision forces began assault on 0b10 14250 | -3/Research | Met up with Revision 17++ 14369 | -3/Research | Identified exit to Quarantine 14702 | -3/Research | Research terminal network offline 14799 | -3/Research | Entered Quarantine 14799 | -3/Quarantine | Accompanied by 4 allies 14832 | -3/Quarantine | Scanned by Researcher 14841 | -3/Quarantine | Found Alien Reactor 15198 | -3/Quarantine | Found Alien Artifact 15539 | -3/Quarantine | System corruption reached 10% 15546 | -3/Quarantine | Lost 5 parts (1p1n1u2w) 15618 | -3/Quarantine | Identified Phase Redirector 15647 | -3/Quarantine | Lost 8 parts (1p1n2u4w) 15717 | -3/Quarantine | Found Alien Artifact 15717 | -3/Quarantine | Identified Transdimensional Reconstructor 15717 | -3/Quarantine | Warped through subspace 15718 | -3/Quarantine | Core integrity fell below 50% 15762 | -3/Quarantine | Identified exit to Research 15774 | -3/Quarantine | Found Alien Energy Cannon 15774 | -3/Quarantine | Identified Core Cannon 15810 | -3/Quarantine | Entered Research 15810 | -2/Research | Evolved 2 slots: Power x1, Utility x1 15852 | -2/Research | Identified exit to DSF 15965 | -2/Research | Identified exit to Testing 15984 | -2/Research | Build established: Hacker-Mutant 16056 | -2/Research | Entered Testing 16058 | -2/Testing | Spotted PL-AUJGANZY40 16070 | -2/Testing | Destroyed PL-AUJGANZY40 16099 | -2/Testing | Lost 3 parts (1p1u1w) 16103 | -2/Testing | Found Prototype Device 16103 | -2/Testing | Identified AEGIS Remote Shield 16279 | -2/Testing | System corruption reached 10% 16409 | -2/Testing | Lost 4 allies 16419 | -2/Testing | Identified Matter Drive 16426 | -2/Testing | Core integrity fell below 50% 16448 | -2/Testing | Lost 12 parts (2p2n6u2w) 16474 | -2/Testing | Core integrity fell below 20% 16476 | -2/Testing | Destroyed by Q232-x with Graviton Cannon Last Messages --------------- 16463_ Held in stasis. 16463_ C-65 Expert is analyzing... 16464_ Acquired Prototype Flight Unit. 16464_ Identified Cld. Impulse Thruster. 16464_ Faulty integration triggers meltdown. 16464_ Exp. Coolant Injector damaged (-15). 16468_ Held in stasis. 16468_ Exp. Coolant Injector destroyed. 16469_ M-13 Machinist repairs Imp. Antigrav System. 16470_ Imp. Hacking Suite destroyed. 16471_ Meson Extractor disabled. 16472_ Slug penetrates G-73 Enforcer. 16472_ Imp. Hacking Suite destroyed. 16473_ Slammed into P-80 Master. 16473_ Slug penetrates Meson Extractor. 16474_ Knocked back. 16475_ Graphene Brace destroyed. 16475_ M-13 Machinist repairs S-43 Plague. 16476_ Penetrated by Slug. [Achievement: 30k Club] Map ----- +----------------------------------------------------+ | | | | | | | | | ?????????????????????????????????????????????????? | | ?????????????????????????????????????????????????? | | ?????????????????????????????????????????????????? | | #####????????????????????????????????????????????? | | #######????#########?????????????????????????? | | # #????# #?????????????????????????? | | # """ ###### #?????????????????????????? | | + """ # ## #?????????????????????????? | | ### # """ # #?????????????????????????? | | ??# # """ # #""""#######???????????????????????? | | #?# # """ #" ##### """"";###?????????????????????? | | " # # #" "#??##" g #?????????????????????? | | " # #######" "#???## """g ##????????????????????? | | " + "#????# """ c;#????????????????????? | | # ######## "###### """p ;##???????????????????? | | # #????### "# # mg; #???????????????????? | | ?# #???## # u# ""gg ## #??????????????????? | | #?# ########/## u """ s#?????????????????????? | | ### ## # # Q"""% #?????????????????????? | | # # """ ## ## h gp#?????????????????????? | | # # "G" ## ## h Q #?????????????????????? | | # # " " ## ## h @ #?????????????????????? | | #[! / ## #######;##?????????????????????? | | ![%* # """ ## =## % #?????????????????????? | | %[!%*# """ ## !## """ #?????????????????????? | | *%%[ # """ ##!!%+!""" #?????????????????????? | | =*![# ## !## """ =#?????????????????????? | | " ########### ## #?????????????????????? | | # ####"###### ## """ #?????????????????????? | | / *%[ = + """ #?????????????????????? | | # %= [%* # """ #?????????????????????? | | # % [ + #?????????????????????? | | # # """ #?????????????????????? | | # ########### ## """ #?????????????????????? | | # ??????????# ## """ #?????????????????????? | | # ??????????# ## #?????????????????????? | | + ??????????# ## """ #?????????????????????? | | # ??????????# ## """ #?????????????????????? | | # ??????????# ## """ #?????????????????????? | | # ??????????# ## #?????????????????????? | | # ???????????# ###"#+####?????????????????????? | | # ???????????# ## #?????????????????????? | | # ?########### ## #?????????????????????? | | ?? # #?????????????????????? | | ?? # """" #?????????????????????? | | ?? / """" #?????????????????????? | +----------------------------------------------------+ Best States ------------- Heat Dissipation 76 Coolant Potential 200 Energy Generation 45 Energy Capacity 1600 Matter Stores 300 Matter Capacity 300 Sight Range 16 Robot Scan Range 16 Terrain Scan Density 10 Cloak Strength 4 EM Shielding 4 Corruption Block 9 Armor Coverage 675 Resistance: TH 15 Evasion (%) 62 Target Analysis 8 Recoil Reduction 4 Offensive Hacking 62 Defensive Hacking 12 Relay Coupler Types 3 Relay Coupler Value 77 Authchip Count 1 Item Schematics ----------------- Imp. Proton Missile Launcher | -5/Factory | Extracted Adv. Energy Well | -3/Quarantine | Archive Helical Railgun | -3/Quarantine | Archive Lrn. Phase Cannon | -3/Quarantine | Archive Imp. KE Penetrator | -3/Quarantine | Archive Imp. Matter Compressor | -3/Quarantine | Archive Adv. Gravity Neutralizer | -3/Quarantine | Archive Exp. Coolant Injector | -3/Quarantine | Archive Adv. Variable Charge Gun | -3/Quarantine | Archive Exp. Myomer Leg | -3/Quarantine | Archive Hvy. Gatling Laser | -3/Quarantine | Archive Robot Schematics ------------------ A-02 Transporter | -3/Quarantine | Archive R-10 Processor | -3/Quarantine | Archive G-67 Veteran | -3/Quarantine | Archive P-80 Master | -3/Quarantine | Archive Y-64 Sentinel | -3/Quarantine | Archive A-27 Freighter | -3/Quarantine | Archive H-77 Assassin | -3/Quarantine | Archive L-61 Swordsman | -3/Quarantine | Archive K-01 Serf | -3/Quarantine | Archive T-07 Excavator | -3/Quarantine | Archive Fabricated ------------ G-47 Trooper | x3 | -7/Factory | Preloaded Imp. Hardlight Generator | x2 | -7/Factory | Preloaded Alien Tech Used ----------------- Phase Redirector Transdimensional Reconstructor Core Cannon Matter Drive Achievements -------------- 30k Club Beloved Generalissimo It Was An Accident, I Swear Project G-00 Revolutionary Research Challenges ------------ None Game ------ Seed PrecisionShadeBattery Manual? 1 Play Time 03:49:49 Cumulative 59.6 hours Start 2024.04.28 @ 22:15:13 End 2024.04.30 @ 12:19:26 Sessions 7 Manual Loads 0 Difficulty Rogue Special Mode None Game No. 90 Rogue 89 Adventurer 1 Explorer 0 Win Type - Total 2 Types 2/0/0/0/0/0/0/0/0 Lore% 28 Gallery% 56 Achievement% 46 Wizard Run 0 Options --------- Layout 0 ASCII 0 Keyboard 0 Movement Numpad Keybinds 0 Fullscreen 1 Font 18/SmallcapsGlow Map View 76x50 Zoom Use 0% Tactical HUD 1 Map Filters NONE Filters NONE Steam 1 RUN: 4907f641-661a-40f6-ac70-2c10eff0c0ff